 Dungeon Crawl Stone Soup version 0.22.1-2-g9c5b331383 (webtiles) character file.

88431 Ihlosi the Unseen (level 16, -2/103 HPs)
             Began as a Kobold Gladiator on Dec 16, 2018.
             Was the Champion of Kikubaaqudgha.
             Slain by a vampire knight
             ... wielding a +0 glaive
              (13 damage)
             ... on level 1 of the Depths on Dec 18, 2018.
             The game lasted 02:35:02 (39539 turns).

Ihlosi the Unseen (Kobold Gladiator)               Turns: 39539, Time: 02:35:02

Health: -2/103     AC: 11    Str: 16    XL:     16   Next: 40%
Magic:  29/29      EV: 27    Int:  9    God:    Kikubaaqudgha [******]
Gold:   1233       SH:  0    Dex: 19    Spells: 14/33 levels left

rFire    + . .     SeeInvis +   c - +5 scimitar (flame)
rCold    + . .     Gourm    .   (shield restricted)
rNeg     . . .     Faith    .   M - +2 robe {rC+ rF+}
rPois    +         Spirit   .   y - +0 mask of the Dragon {MR+ Slay+3 SInv}
rElec    .         Reflect  .   Y - +1 cloak
rCorr    .         Harm     .   s - +1 pair of gloves {archery}
MR       ++...                  g - +2 pair of boots {Stlth+}
Stlth    +++++++++.             (no amulet)
HPRegen  0.27/turn              T - ring of poison resistance
MPRegen  0.21/turn              r - ring of stealth

@: no status effects
A: small, carnivore
a: Receive Corpses, Torment, Brand Weapon With Pain, Receive Necronomicon,
Renounce Religion


You were on level 1 of the Depths.
You worshipped Kikubaaqudgha.
Kikubaaqudgha was exalted by your worship.
You were not hungry.

You visited 8 branches of the dungeon, and saw 28 of its levels.
You also visited: Ice Cave.

You collected 2585 gold pieces.
You spent 1352 gold pieces at shops.

Inventory:

Hand Weapons
 b - a +2 short sword of draining
 c - a +5 scimitar of flaming (weapon)
 l - a +3 arbalest
Missiles
 d - 6 throwing nets (quivered)
 o - 344 bolts
Armour
 g - a +2 pair of boots of stealth (worn)
 s - a +1 pair of gloves of archery (worn)
 y - the +0 mask of the Dragon (worn) {MR+ Slay+3 SInv}
   (You bought it in a shop on level 2 of the Orcish Mines)

   It affects your accuracy and damage with ranged weapons and melee attacks
   (+3).
   It affects your resistance to hostile enchantments.
   It lets you see invisible.
 M - a +2 robe of resistance (worn)
 Y - a +1 cloak (worn)
Magical Staves
 N - an uncursed staff of wizardry
Jewellery
 a - a +4 ring of intelligence
 j - a +5 ring of intelligence
 n - an uncursed ring of protection from cold
 r - a ring of stealth (right hand)
 w - an uncursed ring of resist corrosion
 F - an uncursed ring of ice
 T - a ring of poison resistance (left hand)
Wands
 x - a wand of polymorph (18)
 C - a wand of random effects (21)
 H - a wand of disintegration (9)
 K - a wand of digging (28)
 P - a wand of iceblast (11)
 S - a wand of enslavement (9)
 V - a wand of paralysis (8)
Scrolls
 i - a scroll of magic mapping
 k - 12 scrolls of remove curse
 p - 2 scrolls of fear
 q - 8 scrolls of immolation
 G - 4 scrolls of amnesia
 I - 6 scrolls of fog
 O - 11 scrolls of identify
 R - 6 scrolls of enchant armour
 Z - a scroll of teleportation
Potions
 t - 2 potions of agility
 u - 5 potions of magic
 v - 2 potions of invisibility
 z - 4 potions of haste
 J - 5 potions of flight
 L - 2 potions of cancellation
 Q - 2 potions of curing
 W - 2 potions of mutation
 X - a potion of ambrosia
Comestibles
 f - 48 rations


   Skills:
 * Level 12.4 Fighting
 - Level 11.7(13.9) Short Blades
 * Level 8.4(9.7) Long Blades
   Level 0.2(1.2) Slings
 - Level 2.1(2.2) Throwing
 - Level 3.0 Armour
 * Level 13.0 Dodging
 - Level 18.0 Stealth
 - Level 9.0 Spellcasting
 - Level 1.0 Hexes
 * Level 7.1 Necromancy
 - Level 1.0 Ice Magic
 - Level 9.0 Evocations


You had 14 spell levels left.
You knew the following spells:

 Your Spells              Type           Power        Failure   Level  Hunger
a - Conjure Flame         Conj/Fire      #.......     43%         3    ###....
b - Pain                  Necr           ###.         1%          1    None
c - Vampiric Draining     Necr           ###.......   2%          3    ###....
d - Animate Skeleton      Necr           N/A          1%          1    None
e - Animate Dead          Necr           N/A          9%          4    ####...
f - Ensorcelled Hibernat  Hex/Ice        #.....       16%         2    #......
g - Dispel Undead         Necr           ###.....     24%         5    ######.

Your spell library contained the following spells:

 Spells                   Type           Power        Failure   Level  Hunger
 Sublimation of Blood     Necr           ###.......   1%          2    #......
 Confusing Touch          Hex            #.....       11%         1    None
 Corona                   Hex            #......      11%         1    None
 Apportation              Tloc           #.....       16%         1    None
 Beastly Appendage        Tmut           #.....       16%         1    None
 Flame Tongue             Conj/Fire      #....        16%         1    None
 Summon Small Mammal      Summ           #...         16%         1    None
 Call Imp                 Summ           #.......     24%         2    #......
 Sticks to Snakes         Tmut           #.......     24%         2    #......
 Throw Flame              Conj/Fire      #.....       24%         2    #......
 Agony                    Necr           ###.....     24%         5    ######.
 Confuse                  Hex            #.......     32%         3    ###....
 Tukima's Dance           Hex            #.......     32%         3    ###....
 Dazzling Spray           Conj/Hex       #.....       36%         3    ###....
 Inner Flame              Hex/Fire       #.......     36%         3    ###....
 Summon Guardian Golem    Hex/Summ       #.......     36%         3    ###....
 Call Canine Familiar     Summ           #.......     43%         3    ###....
 Recall                   Summ/Tloc      N/A          43%         3    ###....
 Spider Form              Tmut/Pois      #.........   43%         3    ###....
 Cause Fear               Hex            #.........   71%         4    ####...
 Borgnjor's Vile Clutch   Necr/Erth      ##........   71%         5    ######.
 Ice Form                 Ice/Tmut       #.......     78%         4    ####...
 Summon Ice Beast         Ice/Summ       #.......     78%         4    ####...
 Death Channel            Necr           ###.......   80%         6    #######
 Sticky Flame             Conj/Fire      #.......     85%         4    ####...
 Summon Lightning Spire   Summ/Air       #.......     85%         4    ####...
 Metabolic Englaciation   Hex/Ice        #.........   96%         5    ######.
 Silence                  Hex/Air        #.........   98%         5    ######.
 Yara's Violent Unravell  Hex/Tmut       #.........   98%         5    ######.
 Blade Hands              Tmut           #.........   99%         5    ######.
 Fireball                 Conj/Fire      #.........   99%         5    ######.
 Simulacrum               Ice/Necr       ##........   99%         6    #######
 Bolt of Cold             Conj/Ice       #.........   100%        6    #######
 Deflect Missiles         Chrm/Air       #.........   100%        6    #######
 Freezing Cloud           Conj/Ice/Air   #.........   100%        6    #######
 Ozocubu's Refrigeration  Ice            #.........   100%        6    #######
 Poison Arrow             Conj/Pois      #.........   100%        6    #######
 Chain Lightning          Conj/Air       #.........   100%        8    #######
 Discord                  Hex            #.........   100%        8    #######
 Lehudib's Crystal Spear  Conj/Erth      #.........   100%        8    #######
 Fire Storm               Conj/Fire      #.........   100%        9    #######
 Glaciate                 Conj/Ice       #.........   100%        9    #######


Dungeon Overview and Level Annotations

Branches:
Dungeon (15/15)            Temple (1/1) D:5            Lair (6/6) D:10
 Shoals (1/4) Lair:3        Snake (1/4) Lair:2        Slime (0/5) Lair:5
    Orc (2/2) D:10            Elf (1/3) Orc:2        Vaults (0/5) D:14
 Depths (1/5) D:15

Altars:
Ashenzari
Cheibriados
Dithmenos
Elyvilon
Fedhas
Gozag
Hepliaklqana
Kikubaaqudgha
Makhleb
Nemelex Xobeh
Okawaru
Qazlal
Ru
Sif Muna
Trog
Uskayaw
Vehumet
Wu Jian
Xom
Yredelemnul
Zin
The Shining One
Jiyva

Shops:
D:5 [   D:7 :   D:10 *   D:11 [   D:13 =   Orc:1 [   Orc:2 :![!

Portals:
Pandemonium: Orc:2

Annotations:
D:9 1 runed door, KamiKatze's ghost, journeyman MfBe
Lair:3 exclusion: 4 oklob plants
Lair:5 1 runed door, Dracia's ghost, journeyman MiFi


Innate Abilities, Weirdness & Mutations

You are small and have problems with some larger weapons.
You are carnivorous and can eat meat at any time.


Message History

You barely miss the vampire knight.
The vampire knight is lightly damaged.
The vampire knight points at you and mumbles some strange words.
You resist with almost no effort.
You hit the vampire knight but do no damage.
The vampire knight is lightly damaged.
The vampire knight hits you with a glaive!!
The vampire knight completely misses you.
You hit the vampire knight. You burn the vampire knight.
The vampire knight is lightly damaged.
The vampire knight hits you with a glaive!!!
* * * LOW HITPOINT WARNING * * *
The vampire knight bites you but does no damage.
You hear a horrible gurgling sound!
You hear two shouts!
The vampire knight closely misses you.
The teleport trap disappears.
The red ugly thing disappears!
The vampire knight hits you from afar with a glaive!
You die...
Kikubaaqudgha rasps: "You have failed me!
Welcome... death!"

≈≈..≈.≈...≈.....
.≈≈...≈.≈≈≈....#
...≈...≈≈.....#
#.≈≈≈.≈≈.....#
##.≈≈≈.........
#..≈...≈≈≈≈....
#.≈..≈V≈≈≈≈....
#.....((≈≈≈....
#.....@..).....
$#.......(......
.......(........
.......(.≈≈.....
#......(.≈≈≈....
.......(.≈≈≈....
......>.....>...
.............§..
..#....##.......


You could see a vampire knight.

Vanquished Creatures
  A stone giant (D:15)
  A merfolk javelineer (Depths:1)
  2 fire dragons
  Josephine (Lair:2)
  An ettin (D:14)
  Harold (D:9)
  2 hydras
  A naga warrior (Lair:2)
  5 centaur warriors
  Erica (D:10)
  6 two-headed ogres
  A tengu warrior (D:14)
  3 ogre magi
  An orc high priest (Orc:2)
  A deep elf knight (D:15)
  Sonja (D:10)
  5 skeletal warriors (D:14)
  A torturous demonspawn (Orc:2)
  3 unseen horrors
  A deep elf archer (D:14)
  A glowing orange brain (Orc:2)
  A lindwurm (Lair:5)
  Pikel (D:4)
  3 deep elf magi
  3 orc knights (Orc:2)
  21 ugly things
  6 orc sorcerers (Orc:2)
  A salamander (Snake:1)
  2 manticores
  2 cyclopes
  2 ice statues (IceCv)
  A smoke demon (Orc:2)
  5 black mambas
  3 gargoyles
  7 spiny frogs
  A guardian serpent (Orc:1)
  An orange demon (Orc:2)
  2 kobold demonologists (D:14)
  An efreet (D:13)
  5 komodo dragons
  7 yaktaurs
  8 ice devils (IceCv)
  A rime drake (Lair:2)
  A tengu conjurer (D:14)
  A hellwing (Orc:2)
  A polar bear (D:8)
  2 queen bees
  7 trolls
  2 hornets
  8 blink frogs
  13 slime creatures
  4 hippogriffs
  A shadow (D:13)
  5 wraiths
  3 wyverns
  3 water elementals
  32 yaks
  3 basilisks
  A golden eye (shapeshifter) (D:15)
  4 vampire mosquitoes (D:15)
  A hungry ghost (D:12)
  2 wargs (D:10)
  Menkaure (D:4)
  3 nagas
  A soldier ant (D:12)
  2 acid dragons (D:15)
  6 water moccasins
  A porcupine (Lair:4)
  A hornet zombie (D:15)
  9 ice beasts
  23 orc warriors
  8 sky beasts
  4 phantoms
  20 centaurs
  18 ogres
  5 boggarts (D:11)
  10 crocodiles
  5 big kobolds
  13 bullfrogs
  2 wyvern zombies
  4 gnoll sergeants (D:10)
  A wyvern skeleton (D:14)
  2 scorpions
  27 killer bees
  18 wights
  3 electric eels
  2 howler monkeys
  7 crimson imps
  A bullfrog zombie (D:8)
  A quasit (D:10)
  3 bullfrog skeletons
  29 orc priests
  3 jellies
  6 centaur skeletons
  3 hounds
  2 iguanas
  Natasha (thrice) (D:4)
  20 orc wizards
  A hell rat (Lair:5)
  9 worker ants
  A killer bee zombie (D:7)
  A bullfrog simulacrum (D:8)
  3 hound zombies
  2 hound skeletons
  2 worker ant zombies (D:5)
  4 gnolls
  23 adders
  9 white imps
  A howler monkey simulacrum (D:8)
  A worker ant simulacrum (D:8)
  3 ufetubi (IceCv)
  3 adder skeletons
  2 worms
  3 dart slugs
  2 leopard geckos (D:3)
  98 orcs
  6 giant cockroaches
  6 goblins
  9 hobgoblins
  12 jackals
  16 kobolds
  2 quokkas
  3 ball pythons
  A ball python zombie (D:5)
  4 bats
  5 frilled lizards
  A jackal skeleton (D:7)
  A jackal zombie (D:5)
  3 quokka skeletons
  A quokka zombie (D:6)
  9 rats
732 creatures vanquished.

Vanquished Creatures (collateral kills)
  2 two-headed ogres (D:15)
  2 orc high priests (Orc:2)
  A wizard (D:15)
  A shining eye (shapeshifter) (D:15)
  A cyclops (D:15)
  A freezing wraith (D:15)
  2 orc warriors (Orc:2)
  A black bear (D:11)
  An ogre (D:14)
  A crimson imp (D:15)
  2 orc priests (Orc:2)
  An orc wizard (Orc:1)
  5 orcs
21 creatures vanquished.

Vanquished Creatures (others)
  A reaper (IceCv)
  2 two-headed ogres (D:15)
  2 orc knights (Orc:2)
  2 orc sorcerers (Orc:2)
  5 dream sheep (D:11)
  3 orc warriors (Orc:2)
  6 white imps (IceCv)
  5 ufetubi (IceCv)
  6 fungi
  12 plants
44 creatures vanquished.

Grand Total: 797 creatures vanquished

Notes
Turn   | Place    | Note
-------+----------+-------------------------------------------
     0 | D:1      | Ihlosi the Kobold Gladiator began the quest for the Orb.
     0 | D:1      | Reached XP level 1. HP: 12/12 MP: 1/1
   100 | D:1      | Reached XP level 2. HP: 17/17 MP: 2/2
   458 | D:1      | Reached skill level 1 in Stealth
   492 | D:1      | Reached XP level 3. HP: 22/22 MP: 3/3
   956 | D:2      | Found a radiant altar of Vehumet.
  1041 | D:2      | Noticed an ogre
  1055 | D:2      | Killed an ogre
  1055 | D:2      | Reached skill level 5 in Short Blades
  1055 | D:2      | Reached skill level 1 in Armour
  1055 | D:2      | Reached skill level 2 in Stealth
  1055 | D:2      | Reached XP level 4. HP: 28/28 MP: 4/4
  1055 | D:2      | Reached XP level 5. HP: 32/32 MP: 5/5
  1567 | D:2      | Found a white marble altar of Elyvilon.
  1790 | D:3      | Noticed an ice beast
  1948 | D:3      | Killed an ice beast
  1948 | D:3      | Reached skill level 3 in Stealth
  1948 | D:3      | Reached XP level 6. HP: 21/37 MP: 6/6
  1980 | D:3      | Reached skill level 4 in Stealth
  2267 | D:3      | Reached skill level 5 in Dodging
  2687 | D:4      | Reached XP level 7. HP: 40/42 MP: 7/7
  2709 | D:4      | Reached skill level 5 in Stealth
  3046 | D:4      | Noticed Natasha
  3054 | D:4      | Killed Natasha
  3203 | D:4      | Noticed Menkaure
  3426 | D:4      | Reached skill level 6 in Stealth
  3458 | D:4      | Noticed Natasha
  3476 | D:4      | Killed Natasha
  3560 | D:4      | Reached XP level 8. HP: 48/48 MP: 8/8
  3579 | D:4      | Noticed Natasha
  3592 | D:4      | Killed Natasha
  3821 | D:5      | Entered Level 5 of the Dungeon
  3834 | D:5      | Reached skill level 1 in Evocations
  3872 | D:5      | Found Hoin Wieqo's Antique Armour Shoppe.
  3917 | D:5      | Reached skill level 7 in Stealth
  4300 | D:5      | Found a staircase to the Ecumenical Temple.
  4507 | D:5      | Reached skill level 5 in Fighting
  4507 | D:5      | Reached skill level 8 in Stealth
  4812 | D:5      | Reached XP level 9. HP: 26/54 MP: 10/10
  4973 | D:6      | Reached skill level 1 in Spellcasting
  5223 | D:6      | Reached skill level 9 in Stealth
  5828 | D:6      | Learned a level 3 spell: Conjure Flame
  6216 | D:4      | Killed Menkaure
  6455 | D:4      | Noticed Pikel
  6457 | D:4      | Killed Pikel
  6643 | D:7      | Reached XP level 10. HP: 54/61 MP: 13/13
  6923 | D:7      | Found Josseq's Book Boutique.
  7515 | D:8      | Reached skill level 10 in Stealth
  8448 | D:8      | Reached skill level 5 in Evocations
  8882 | D:8      | Found a sacrificial altar of Ru.
  9104 | D:9      | Noticed a two-headed ogre
  9301 | D:9      | Reached skill level 11 in Stealth
  9392 | D:9      | Found a runed door.
  9474 | D:9      | Noticed Harold
  9528 | D:9      | Noticed a two-headed ogre
  9529 | D:9      | Killed a two-headed ogre
  9529 | D:9      | Reached XP level 11. HP: 67/67 MP: 17/17
  9542 | D:9      | Found a glowing silver altar of Zin.
  9990 | D:9      | Killed a two-headed ogre
  9990 | D:9      | Reached skill level 12 in Stealth
  9997 | D:9      | Noticed KamiKatze's ghost (journeyman MfBe)
 10270 | D:9      | Killed Harold
 10270 | D:9      | Reached skill level 5 in Spellcasting
 10299 | D:10     | Entered Level 10 of the Dungeon
 10336 | D:10     | Noticed Erica
 10374 | D:10     | Noticed Sonja
 10437 | D:10     | Found Uklot's Assorted Antiques.
 10534 | D:10     | Found a staircase to the Orcish Mines.
 10593 | D:11     | Reached skill level 10 in Dodging
 10902 | D:10     | Killed Erica
 11028 | D:10     | Killed Sonja
 11028 | D:10     | Reached skill level 13 in Stealth
 11314 | D:10     | Found a staircase to the Lair.
 11604 | D:10     | Reached XP level 12. HP: 70/75 MP: 20/20
 12080 | Temple   | Entered the Ecumenical Temple
 12231 | Temple   | Became a worshipper of Kikubaaqudgha
 12897 | D:11     | Reached * piety under Kikubaaqudgha
 12897 | D:11     | Identified Kikubaaqudgha's Handbook of Sinister Arts
                  | (Kikubaaqudgha gifted it to you on level 11 of the Dungeon)
 12897 | D:11     | Received a gift from Kikubaaqudgha
 13493 | D:11     | Found a shimmering altar of Xom.
 13505 | D:11     | Noticed a two-headed ogre
 13515 | D:11     | Killed a two-headed ogre
 13546 | D:11     | Noticed a two-headed ogre
 13684 | D:11     | Found Ateatapu's Armour Boutique.
 13692 | D:11     | Bought a +2 pair of boots of stealth for 344 gold pieces
 13881 | D:11     | Noticed a fire dragon
 14100 | Lair:1   | Entered Level 1 of the Lair of Beasts
 14302 | Lair:1   | Learned a level 1 spell: Pain
 14306 | Lair:1   | Learned a level 3 spell: Vampiric Draining
 14308 | Lair:1   | Learned a level 1 spell: Animate Skeleton
 14453 | Lair:1   | You fall through a shaft!
 14661 | Lair:1   | Reached ** piety under Kikubaaqudgha
 14665 | Lair:1   | Reached skill level 14 in Stealth
 15040 | Lair:2   | Found a staircase to the Snake Pit.
 15920 | Lair:3   | Found a staircase to the Shoals.
 16511 | Lair:3   | Learned a level 4 spell: Animate Dead
 16567 | Lair:3   | Learned a level 2 spell: Ensorcelled Hibernation
 16845 | Lair:3   | Reached skill level 1 in Necromancy
 17077 | Lair:3   | Reached skill level 10 in Short Blades
 17138 | Lair:3   | Reached XP level 13. HP: 73/81 MP: 22/22
 17709 | Lair:4   | Found a labyrinth entrance.
 18044 | Lair:4   | Reached skill level 10 in Fighting
 18100 | Lair:4   | Reached skill level 1 in Hexes
 18641 | Lair:5   | Noticed a four-headed hydra
 18644 | Lair:5   | Reached skill level 1 in Ice Magic
 18659 | Lair:5   | Killed a four-headed hydra
 18659 | Lair:5   | Reached skill level 15 in Stealth
 18665 | Lair:5   | Found a runed door.
 18666 | Lair:5   | Noticed Dracia's ghost (journeyman MiFi)
 19295 | Lair:5   | Found a viscous altar of Jiyva.
 19295 | Lair:5   | Found a staircase to the Slime Pits.
 19873 | Lair:6   | Entered Level 6 of the Lair of Beasts
 20086 | D:11     | Killed a fire dragon
 20516 | D:11     | Reached skill level 1 in Long Blades
 20941 | D:12     | Reached *** piety under Kikubaaqudgha
 20941 | D:12     | Identified Kikubaaqudgha's Papyrus of Dark Rites
                  | (Kikubaaqudgha gifted it to you on level 12 of the Dungeon)
 20941 | D:12     | Received a gift from Kikubaaqudgha
 20969 | D:12     | Learned a level 5 spell: Dispel Undead
 21984 | D:12     | Reached XP level 14. HP: 88/88 MP: 26/26
 22305 | D:13     | Reached **** piety under Kikubaaqudgha
 22630 | D:13     | Paralysed by a hornet for 3 turns
 22914 | D:13     | Found Uronub's Jewellery Boutique.
 23216 | D:13     | Reached skill level 16 in Stealth
 23439 | Orc:1    | Entered Level 1 of the Orcish Mines
 23442 | Orc:1    | Found Vinluin's Armour Shoppe.
 23788 | Orc:2    | Entered Level 2 of the Orcish Mines
 24938 | Orc:1    | Reached skill level 5 in Necromancy
 25178 | Orc:2    | Found a staircase to the Elven Halls.
 25326 | Orc:1    | Reached ***** piety under Kikubaaqudgha
 25726 | Orc:2    | Found Badilecu's Distillery.
 26188 | Orc:2    | Found Kozoergh's Distillery.
 26257 | Orc:2    | Bought a potion of mutation for 120 gold pieces
 26257 | Orc:2    | Bought a potion of invisibility for 120 gold pieces
 27665 | Orc:2    | Found Ubill's Book Emporium.
 27665 | Orc:2    | Found Ycruasathri's Antique Armour Shoppe.
 27666 | Orc:2    | Found a one-way gate leading to the halls of Pandemonium.
 27667 | Orc:2    | Paralysed by an orc sorcerer for 7 turns
 27685 | Orc:2    | Bought the +0 mask of the Dragon {MR+ Slay+3 SInv} for 768
                  | gold pieces
 27685 | Orc:2    | Found the +0 mask of the Dragon {MR+ Slay+3 SInv}
 27876 | Elf:1    | Entered Level 1 of the Elven Halls
 28197 | Shoals:1 | Entered Level 1 of the Shoals
 28210 | Shoals:1 | HP: 4/90 [water nymph/the raging water (22)]
 28283 | Shoals:1 | HP: 1/90 [wind drake/the air (20)]
 28674 | Snake:1  | Entered Level 1 of the Snake Pit
 28683 | Snake:1  | Reached XP level 15. HP: 95/95 MP: 27/27
 28874 | Snake:1  | Noticed Josephine
 28884 | Lair:2   | Killed Josephine
 28884 | Lair:2   | Reached skill level 17 in Stealth
 29973 | D:14     | Found a frozen archway.
 29992 | IceCv    | Entered an ice cave
 30156 | IceCv    | Killed a reaper
 31560 | D:14     | You fall through a shaft!
 31560 | D:15     | Entered Level 15 of the Dungeon
 31705 | D:15     | Reached skill level 5 in Long Blades
 31925 | D:14     | Reached ****** piety under Kikubaaqudgha
 32505 | D:14     | Found a gate to the Vaults.
 32709 | D:14     | HP: 3/96 [tengu warrior/war axe of electrocution (17)]
 35290 | D:15     | Found a glowing silver altar of Zin.
 35676 | D:14     | HP: 2/96 [ettin/great mace (37)]
 36411 | D:15     | Reached XP level 16. HP: 61/101 MP: 29/29
 36654 | D:15     | Found a staircase to the Depths.
 37575 | D:15     | Reached skill level 18 in Stealth
 38851 | Depths:1 | Entered Level 1 of the Depths
 39539 | Depths:1 | Slain by a vampire knight

Skill      XL: |  1  2  3  4  5  6  7  8  9 10 11 12 13 14 15 16 |
---------------+-------------------------------------------------+-----
Dodging        | 4 5 6 7 8 10 12 13 | 13.0
Stealth        | 1 2 3 4 6 8 9 11 13 14 15 16 17 18 | 18.0
Fighting       | 3 4 5 6 7 8 9 10 11 12 | 12.4
Short Blades   | 5 6 8 9 10 11 | 11.7
Armour         | 1 2 3 |  3.0
Evocations     | 2 4 5 6 8 9 |  9.0
Spellcasting   | 2 4 5 6 8 9 |  9.0
Necromancy     | 1 4 5 6 7 |  7.1
Hexes          | 1 |  1.0
Ice Magic      | 1 |  1.0
Long Blades    | 2 4 7 8 |  8.4
Slings         | |  0.2
Throwing       | |  2.1

Action                   |  1- 3 |  4- 6 |  7- 9 | 10-12 | 13-15 | 16-18 || total
-------------------------+-------+-------+-------+-------+-------+-------++-------
Melee: Rapier            |    70 |    50 |    11 |       |    12 |       ||   143
       Short sword       |       |    71 |   351 |  1155 |   615 |     7 ||  2199
       Scimitar          |       |       |       |       |   619 |   121 ||   740
 Fire: Hunting sling     |       |       |     4 |       |       |       ||     4
       Blowgun           |       |       |       |     2 |       |       ||     2
Throw: Throwing net      |     1 |       |       |     8 |     6 |       ||    15
 Cast: Ensorcelled Hiber |       |       |       |     5 |    40 |     2 ||    47
       Pain              |       |       |       |     2 |       |       ||     2
       Vampiric Draining |       |       |       |       |    12 |       ||    12
       Animate Dead      |       |       |       |       |    26 |     4 ||    30
Evoke: Wand              |       |       |     2 |    34 |    90 |    10 ||   136
  Use: Scroll            |       |     7 |     9 |     3 |    16 |     1 ||    36
       Potion            |       |     2 |     1 |     9 |    10 |       ||    22
 Stab: Sleeping          |     4 |    15 |    14 |    24 |    98 |     8 ||   163
       Distracted        |       |       |     2 |     6 |     9 |     1 ||    18
       Paralysed         |       |       |       |     3 |    34 |     4 ||    41
       Invisible         |       |       |       |     3 |     5 |       ||     8
       Held in net/web   |       |       |       |     8 |     3 |       ||    11
  Eat: Chunk             |     8 |     3 |    12 |    38 |    65 |     6 ||   132
       Ration            |       |       |       |       |     2 |       ||     2
Armor: Leather armour    |    14 |    17 |    38 |    40 |       |       ||   109
       Skin              |       |       |    16 |    77 |       |       ||    93
       Robe              |       |       |       |    46 |   156 |    11 ||   213
Dodge: Dodged            |    53 |    77 |   193 |   809 |  1056 |   125 ||  2313
       Rpst.: Scimitar   |       |       |       |       |   165 |    33 ||   198
